 Dungeon Crawl Stone Soup version 0.31.0-12-g77e489cdc1 (webtiles) character file.

Game seed: 5738114842761533524

30 Ekaitz the Firebug (level 3, -2/25 HPs)
             Began as a Demonspawn Fire Elementalist on Feb 26, 2024.
             Slain by a ribbon worm (3 damage)
             ... on level 2 of the Dungeon.
             The game lasted 00:03:05 (1477 turns).

Ekaitz the Firebug (Demonspawn Fire Elementalist)   Turns: 1477, Time: 00:03:06

Health: -2/25      AC:  2    Str:  8    XL:     3   Next: 3%
Magic:  0/6        EV:  6    Int: 15    God:
Gold:   69         SH:  0    Dex: 15    Spells: 0/6 levels left

rFire   . . .        c - +0 dagger
rCold   . . .        (no shield)
rNeg    . . .        a - +0 robe
rPois   .            (helmet restricted)
rElec   .            (no cloak)
rCorr   .            (no gloves)
SInv    .            (no boots)
Will    .....        (no amulet)
Stlth   ++           (no ring)
HPRegen 0.24/turn    (no ring)
MPRegen 0.10/turn

%: no passive effects
@: held
A: antennae 1, condensation shield
a: no special abilities


You were on level 2 of the Dungeon.
You visited 1 branch of the dungeon, and saw 2 of its levels.

You collected 69 gold pieces.

Inventory:

Hand Weapons
 c - a +0 dagger (weapon)
 d - a +1 hand axe of flaming
Missiles
 f - 3 javelins
Armour
 a - a +0 robe (worn)
Scrolls
 e - 3 scrolls of identify {unknown}
 i - a scroll of amnesia {unknown}
 k - a scroll of teleportation {unknown}
Potions
 b - 2 potions of magic
 g - 2 potions of curing {unknown}
 h - a potion of degeneration {unknown}
 j - a potion of ambrosia {unknown}


   Skills:
 * Level 0.5 Fighting
 + Level 1.7 Dodging
 + Level 1.8 Stealth
 + Level 2.1 Spellcasting
 * Level 1.5 Conjurations
 * Level 3.4 Fire Magic


You couldn't memorise any spells.
You knew the following spells:

 Your Spells              Type           Power      Damage    Failure   Level
a - Foxfire               Conj/Fire      32%        2x1d5     9%          1
b - Scorch                Fire           22%        2d5       9%          2
i - Inner Flame           Hex/Fire       6%         N/A       32%         3

Your spell library contained the following spells:

 Spells                   Type           Power      Damage    Failure   Level
 Volatile Blastmotes      Fire/Tloc      12%        2d11      32%         3
 Dazzling Flash           Conj/Hex       6%         N/A       43%         3
 Mephitic Cloud           Conj/Alch/Air  3%         N/A       47%         3
 Flame Wave               Conj/Fire      8%         2d5       63%         4
 Curse of Agony           Necr           1%         N/A       99%         5
 Silence                  Hex/Air        0%         N/A       99%         5


Dungeon Overview and Level Annotations

Branches:
Dungeon (2/15)

Altars:
Xom


Innate Abilities, Weirdness & Mutations

You have a pair of small antennae on your head.
A meltable shield of frost defends you. (SH +4)


Message History

The web tears apart.
The foxfire hits the ribbon worm.
The ribbon worm is heavily wounded.
The foxfire hits the ribbon worm.
The ribbon worm is severely wounded.
You barely miss the ribbon worm. You punch the ribbon worm.
The ribbon worm is severely wounded.
The ribbon worm bites you but does no damage.
You hit the ribbon worm.
The ribbon worm is almost dead.
The ribbon worm expels a string of sticky webbing.
The stream of webbing hits you but does no damage.
You are caught in a web!
You struggle to detach yourself from the web.
The ribbon worm bites you.
* * * LOW HITPOINT WARNING * * *
The web tears apart.
You block the ribbon worm's attack.
Your magical contamination has completely faded away.
You barely miss the ribbon worm.
The ribbon worm is severely wounded.
You hit the ribbon worm.
The ribbon worm is almost dead.
The ribbon worm bites you.
* * * LOW HITPOINT WARNING * * *
You barely miss the ribbon worm.
The ribbon worm is severely wounded.
You block the ribbon worm's attack.
Casting: Foxfire (safe; 9% risk of failure)
Confirm with . or Enter, or press ? or * to list all spells.
You conjure some foxfire!
The ribbon worm expels a string of sticky webbing.
The stream of webbing hits you but does no damage.
You are caught in a web!
Unknown command.
You struggle to detach yourself from the web.
The foxfire hits the ribbon worm.
The ribbon worm is severely wounded.
The foxfire hits the ribbon worm.
The ribbon worm is severely wounded.
The ribbon worm bites you.
You die...

##################
#>................
#.################
#.# #.# #.#
##.#######......#
#.@w.....#......#
#ยง.......#......#
#$.......#......#
#........#......#
#........#......#
##+#######......#
#......# +......#
##......#


You could see a ribbon worm (catching breath).

Vanquished Creatures
  A ribbon worm (D:2)
  A dart slug (D:1)
  A bat (D:2)
  5 endoplasms
  3 hobgoblins
  3 quokkas
  2 ball pythons (D:2)
  3 frilled lizards
  A goblin (D:1)
  4 rats
24 creatures vanquished.

Vanquished Creatures (others)
  103 foxfires
103 creatures vanquished.

Grand Total: 127 creatures vanquished

Notes
Turn   | Place    | Note
-------+----------+-------------------------------------------
     0 | D:1      | Ekaitz the Demonspawn Fire Elementalist began the quest for
                  | the Orb.
     0 | D:1      | Reached XP level 1. HP: 13/13 MP: 3/3
   302 | D:1      | Reached skill level 3 in Fire Magic
   362 | D:1      | Discovered your monstrous ancestry.
   362 | D:1      | Gained mutation: You have a pair of small antennae on your
                  | head. [demonic ancestry]
   362 | D:1      | Reached XP level 2. HP: 19/19 MP: 1/5
   367 | D:1      | Learned a level 2 spell: Scorch
  1013 | D:2      | Found a shimmering altar of Xom.
  1212 | D:2      | Gained mutation: A meltable shield of frost defends you.
                  | (SH +4) [demonic ancestry]
  1212 | D:2      | Reached XP level 3. HP: 25/25 MP: 3/6
  1216 | D:2      | Learned a level 3 spell: Inner Flame
  1474 | D:2      | HP: 1/25 [ribbon worm (5)]
  1477 | D:2      | Slain by a ribbon worm

Illustrated notes

Levels and vault maps discovered:
D:1:      lemuel_arrival_river_passageway, layout_rooms
D:2:      layout_basic, basic_altar

Skill      XL: |  1 |
---------------+----+-----
Fire Magic     | 3 |  3.4
Fighting       | |  0.5
Dodging        | |  1.7
Stealth        | |  1.8
Spellcasting   | |  2.1
Conjurations   | |  1.5

Action                     || total
---------------------------++-------
  Melee: Dagger            ||    17
         Punch             ||     1
   Cast: Foxfire           ||    56
         Scorch            ||     1
   Stab: Sleeping          ||     2
 Armour: Robe              ||    18
  Dodge: Dodged            ||    13
  Block: Other             ||     2
